 Dungeon Crawl Stone Soup version 0.24-a0-375-g4de66ed42b (webtiles) character file.

Game seed: 16697013505831983012

103 Laiders72 the Skirmisher (level 4, -4/41 HPs)
             Began as a Hill Orc Fighter on May 31, 2019.
             Succumbed to an orc wizard's poison
             ... on level 3 of the Dungeon.
             The game lasted 00:05:30 (1732 turns).

Laiders72 the Skirmisher (Hill Orc Fighter)         Turns: 1732, Time: 00:05:30

Health: -4/41      AC: 10    Str: 15 (18) XL:     4   Next: 79%
Magic:  4/4        EV:  4    Int:  2 (3)  God:
Gold:   58         SH:  8    Dex:  9 (11) Spells: 3/3 levels left

rFire    . . .     SeeInvis .   a - +1 war axe
rCold    . . .     Gourm    .   c - +0 shield
rNeg     . . .     Faith    .   p - +0 chain mail
rPois    .         Spirit   .   (no helmet)
rElec    .         Reflect  .   (no cloak)
rCorr    .         Harm     .   n - +0 pair of gloves
MR       .....                  (no boots)
Stlth    ..........             i - amulet of rage
HPRegen  0.13/turn              o - -5 ring of intelligence (curse)
MPRegen  0.09/turn              (no ring)

@: lethally poisoned (-4 -> -47)
A: no striking features
a: Evoke Berserk Rage


You were on level 3 of the Dungeon.
You were not hungry.

You visited 1 branch of the dungeon, and saw 3 of its levels.

You collected 58 gold pieces.

Inventory:

Hand Weapons
 a - a +1 war axe (weapon)
 m - a +0 hunting sling
Missiles
 h - 20 sling bullets
Armour
 c - a +0 shield (worn)
 n - a +0 pair of gloves (worn)
 p - a +0 chain mail (worn)
Jewellery
 i - an amulet of rage (around neck)
 o - a cursed -5 ring of intelligence (left hand)
Scrolls
 e - a scroll of enchant weapon
 g - a scroll of teleportation
Potions
 d - 2 potions of might
Comestibles
 f - 6 rations
 q - 2 chunks of flesh


   Skills:
 + Level 4.3 Fighting
 + Level 4.0 Axes
 + Level 4.1 Armour
 + Level 4.1 Shields


You had 3 spell levels left.
You didn't know any spells.
Your spell library was empty.

Dungeon Overview and Level Annotations

Branches:
Dungeon (3/15)

Altars:
Ashenzari


Message History

You are more poisoned.
You hit the orc wizard.
The orc wizard is moderately wounded.
You closely miss something.
* * * LOW HITPOINT WARNING * * *
You feel very sick. Something hits you but does no damage.
The orc wizard hits you with a +3 dagger of venom.
* * * LOW HITPOINT WARNING * * *
You are more poisoned.
The orc wizard mumbles some strange words.
The orc wizard seems to speed up.
Something hits you but does no damage. You block the orc wizard's attack.
You hear some strange, mumbled words.
A puff of flame appears from out of thin air!
The puff of flame hits you but does no damage.
You hit the orc wizard.
The orc wizard is heavily wounded.
You miss something.
You die...

#.#####...[....
...#####.#######
#...........# ##
#.#####..#
##.#####..#
..........#
##.######.######
#....{.#
#.####@# ### #o#
#o# #o# .o. ...
._. .....


You could see 2 orc wizards and 2 orcs.

Vanquished Creatures
  A worker ant (D:2)
  An ooze (D:2)
  2 worms (D:2)
  A dart slug (D:1)
  A leopard gecko (D:1)
  3 orcs (D:3)
  2 giant cockroaches
  6 goblins
  11 hobgoblins
  10 jackals
  4 kobolds
  A quokka (D:2)
  A ball python (D:3)
  6 bats
  3 frilled lizards
  4 rats
57 creatures vanquished.

Notes
Turn   | Place    | Note
-------+----------+-------------------------------------------
     0 | D:1      | Laiders72 the Hill Orc Fighter began the quest for the Orb.
     0 | D:1      | Reached XP level 1. HP: 19/19 MP: 1/1
   251 | D:1      | Reached XP level 2. HP: 27/27 MP: 2/2
   483 | D:1      | Reached XP level 3. HP: 19/33 MP: 3/3
  1214 | D:2      | Reached XP level 4. HP: 28/40 MP: 4/4
  1470 | D:2      | Found a faded altar of an unknown god.
  1713 | D:3      | Found a shattered altar of Ashenzari.
  1731 | D:3      | HP: 2/41 [poisoned by an orc wizard]
  1732 | D:3      | Succumbed to an orc wizard's poison

Levels and vault maps discovered:
D:1:      lightli_arrival_windingriver, layout_basic, minmay_tall_x
D:2:      layout_rooms, chequers_ecumenical_altar_simple_redux, first_ration
D:3:      layout_loops_ring, nicolae_ru_sacrificial_ziggurat,
          nicolae_overflow_crystal_walls, xom_teletrap_fun

Skill      XL: |  1  2  3  4 |
---------------+-------------+-----
Axes           | 3 4 |  4.0
Fighting       | 4 |  4.3
Armour         | 4 |  4.1
Shields        | 4 |  4.1

Action                   |  1- 3 |  4- 6 || total
-------------------------+-------+-------++-------
Melee: War axe           |   109 |    56 ||   165
  Use: Scroll            |     2 |     4 ||     6
       Potion            |       |     1 ||     1
  Eat: Chunk             |     1 |     2 ||     3
Armor: Scale mail        |    89 |     9 ||    98
       Chain mail        |       |    50 ||    50
Dodge: Dodged            |    60 |    19 ||    79
Block: Shield            |    86 |    29 ||   115

Table legend:
 A = Non-vault XP
 B = Vault XP
 C = Vault XP percentage of total XP
 D = Non-vault monster count
 E = Vault monster count
 F = Vault count percentage of total count
                 A         B        C        D         E       F
            +---------+---------+-------+---------+---------+-------
      Total |     142 |       6 |   4.1 |      53 |       4 |   7.0
            +---------+---------+-------+---------+---------+-------
        D:1 |      41 |       6 |  12.8 |      22 |       4 |  15.4
        D:2 |      78 |       0 |   0.0 |      20 |       0 |   0.0
        D:3 |      23 |       0 |   0.0 |      11 |       0 |   0.0
            +---------+---------+-------+---------+---------+-------
